Map: Oceanborn LE

Players

PiG - Winner!

  • Race: Zerg Zerg
  • League: Master
  • Spawn Location: 11:00

RayReign

  • Race: Protoss Protoss
  • League: Grandmaster
  • Spawn Location: 5:00

VOD

Have the link to the VOD?

Description

Time

  • Played on: Oct. 28, 2023, 4:28 p.m.
  • Length: 15:51
Show
View Real Time Build Order
Export as new Build Order

PiG Zerg - Winner!

Build Orders: Pool First, Lurkers 

Get SALT Encoding   

  12  0:17  Spawning Pool  
  11  0:22  Drone  
  11  0:27  Drone  
  13  0:31  Drone  
  14  0:48  Overlord  
  14  1:07  Zergling x6  
  17  1:16  Hatchery  
  16  1:19  Zergling x2  
  17  1:29  Zergling x2  
  18  1:35  Queen  
  20  1:45  Overlord  
  20  1:52  Drone  
  21  2:11  Drone  
  21  2:15  Drone  
  22  2:20  Extractor  
  22  2:23  Queen  
  24  2:30  Drone x2  
  24  2:34  Queen  
  28  2:44  Drone  
  28  2:45  Drone x2  
  31  2:58  Hatchery  
  30  3:04  Drone x2  
  32  3:05  Zergling x2  
  33  3:13  Overlord  
  33  3:16  Drone x2  
  35  3:29  Extractor  
  34  3:35  Spore Crawler  
  33  3:46  Drone x7  
  40  3:56  Overlord  
  40  4:00  Drone x3  
  43  4:09  Queen  
  45  4:10  Drone x3  
  45  4:11  Drone x2  
  45  4:13  Extractor  
  49  4:19  Roach Warren  
  49  4:20  Drone x2  
  50  4:31  Overlord  
  50  4:38  Zergling x12  
  56  4:46  Roach Warren  
  55  4:55  Overlord x2  
  54  5:01  Roach x5  
  64  5:12  Drone x2  
  64  5:13  Overlord  
  65  5:16  Spore Crawler  
  65  5:17  Metabolic Boost  
  64  5:21  Drone x6  
  70  5:33  Roach x3  
  70  5:35  Roach  
  78  5:45  Overlord  
  78  5:46  Roach x2  
  78  5:47  Drone x3  
  84  5:50  Drone  
  85  6:01  Overlord  
  85  6:02  Drone x3, Lair  
  85  6:03  Drone  
  89  6:13  Drone x8  
  87  6:25  Drone  
  87  6:26  Extractor  
  87  6:27  Extractor  
  85  6:33  Drone x9  
  93  6:42  Drone x4  
  93  6:46  Evolution Chamber  
  93  6:55  Drone x4  
  94  7:01  Drone  
  94  7:04  Drone x2  
  94  7:05  Glial Reconstitution  
  97  7:10  Drone x9  
  97  7:13  Extractor x2  
  97  7:14  Hatchery  
  102  7:19  Drone  
  98  7:30  Zerg Missile Weapons Level 1  
  98  7:31  Drone x6  
  104  7:46  Overlord x2  
  104  7:47  Overlord x3  
  104  7:55  Overseer  
  104  8:14  Roach x13  
  104  8:18  Infestation Pit  
  129  8:37  Overlord x4  
  129  8:38  Overlord  
  129  8:39  Overlord  
  129  8:46  Hatchery  
  128  8:59  Roach x14  
  154  9:03  Roach  
  156  9:11  Ravager x7  
  156  9:13  Ravager  
  156  9:15  Roach x6  
  176  9:18  Overlord x4  
  165  9:27  Ravager  
  165  9:28  Ravager  
  165  9:29  Ravager x2  
  165  9:30  Ravager  
  165  9:31  Ravager x2  
  171  9:32  Roach x2  
  176  9:41  Zergling x22  
  176  9:44  Zerg Melee Weapons Level 1  
  181  9:46  Evolution Chamber  
  181  9:52  Zergling x16  
  178  10:02  Zergling x8  
  178  10:04  Ravager  
  167  10:18  Zergling x20  
  161  10:21  Hive  
  161  10:23  Zerg Missile Weapons Level 2  
  161  10:27  Zergling x12  
  162  10:34  Hydralisk Den  
  159  10:35  Zergling x6  
  159  10:37  Ravager x3  
  165  10:47  Extractor x2  
  156  10:55  Zergling x18  
  128  11:06  Zergling x18  
  128  11:10  Zergling x6  
  115  11:24  Roach x4  
  123  11:26  Grooved Spines  
  123  11:28  Lurker Den  
  115  11:37  Zergling x22  
  124  11:46  Hatchery  
  122  11:47  Roach x2  
  119  11:55  Hydralisk x4  
  119  11:57  Zerg Ground Armor Level 1  
  127  12:02  Roach x11  
  147  12:13  Zergling x8  
  149  12:20  Spore Crawler  
  149  12:21  Overseer  
  148  12:35  Drone x7  
  152  12:38  Hydralisk x7  
  152  12:39  Seismic Spines  
  165  12:50  Viper x2  
  171  12:59  Spine Crawler  
  171  13:01  Spine Crawler x2  
  171  13:03  Muscular Augments  
  171  13:04  Zerg Missile Weapons Level 3  
  168  13:07  Drone  
  168  13:13  Hydralisk x8  
  180  13:25  Hydralisk x5  
  190  13:36  Adaptive Talons  
  188  13:42  Lurker  
  188  13:43  Lurker x4  
  188  13:44  Lurker x4  
  191  14:15  Lurker x6  
  196  14:19  Spine Crawler  
  196  14:20  Extractor, Spine Crawler  
  192  14:31  Lurker  
  192  14:32  Lurker x2  
  174  15:28  Extractor  
Show
View Real Time Build Order
Export as new Build Order

RayReign Protoss 

Build Orders:  

Get SALT Encoding   

  12  0:00  Probe  
  13  0:12  Probe  
  14  0:19  Pylon  
  14  0:24  Probe  
  15  0:37  Probe (Chrono Boost)  
  15  0:39  Gateway  
  16  0:47  Probe (Chrono Boost)  
  16  0:49  Assimilator  
  17  0:52  Probe (Chrono Boost)  
  18  1:03  Probe  
  19  1:18  Gateway, Pylon  
  19  1:27  Cybernetics Core  
  19  1:28  Zealot (Chrono Boost)  
  21  1:35  Probe  
  22  1:47  Probe  
  22  1:48  Zealot (Chrono Boost)  
  25  2:06  Adept (Chrono Boost)  
  29  2:19  Adept (Chrono Boost)  
  29  2:20  Nexus  
  28  2:23  Probe  
  28  2:27  Warp Gate  
  29  2:35  Pylon  
  29  2:40  Assimilator, Probe  
  30  2:52  Probe  
  31  2:59  Twilight Council  
  31  3:04  Probe  
  32  3:16  Probe  
  32  3:17  Adept  
  32  3:18  Adept  
  37  3:28  Probe  
  37  3:30  Robotics Facility  
  38  3:42  Resonating Glaives (Chrono Boost)  
  38  3:47  Probe  
  39  3:52  Probe  
  39  3:53  Gateway  
  40  3:55  Gateway  
  40  4:02  Probe (Chrono Boost)  
  41  4:04  Probe (Chrono Boost)  
  42  4:15  Adept x2, Probe (Chrono Boost)  
  42  4:16  Probe (Chrono Boost)  
  48  4:24  Warp Prism  
  48  4:26  Probe  
  48  4:28  Probe  
  52  4:34  Pylon  
  52  4:40  Probe  
  52  4:41  Probe  
  54  4:53  Probe x2  
  54  4:54  Adept x3  
  62  5:03  Adept  
  58  5:15  Nexus  
  58  5:17  Pylon  
  58  5:27  Pylon  
  58  5:29  Probe x2  
  58  5:33  Adept  
  62  5:37  Adept x2  
  62  5:38  Adept  
  62  5:41  Probe x2  
  70  5:45  Observer (Chrono Boost)  
  71  5:53  Probe  
  71  5:55  Blink (Chrono Boost), Probe  
  73  6:05  Probe  
  73  6:07  Forge  
  72  6:17  Probe x2  
  70  6:18  Stalker x4  
  70  6:23  Assimilator x2  
  74  6:29  Probe x2  
  74  6:40  Probe  
  74  6:41  Probe  
  74  6:42  Immortal (Chrono Boost)  
  74  6:44  Adept x4  
  88  6:56  Protoss Ground Weapons Level 1  
  88  6:57  Probe x3  
  89  7:07  Shield Battery  
  87  7:09  Shield Battery, Probe x2  
  87  7:10  Gateway, Probe  
  88  7:21  Immortal (Chrono Boost)  
  92  7:22  Gateway  
  92  7:27  Pylon  
  88  7:30  Pylon  
  88  7:31  Pylon  
  88  7:36  Stalker  
  88  7:37  Stalker x2  
  90  7:43  Stalker  
  92  7:44  Probe  
  92  7:45  Probe x2  
  95  7:56  Probe  
  95  7:57  Immortal (Chrono Boost), Probe x2  
  98  8:00  Gateway  
  98  8:03  Gateway  
  102  8:08  Probe  
  102  8:09  Probe x2  
  105  8:16  Pylon  
  105  8:19  Pylon  
  105  8:26  Stalker x5  
  109  8:28  Stalker  
  109  8:30  Assimilator  
  111  8:34  Assimilator  
  111  8:37  Observer  
  112  8:42  Templar Archives  
  112  8:56  Nexus  
  112  8:58  Charge  
  112  9:00  Stalker x5  
  122  9:06  Stalker x2  
  124  9:12  Pylon  
  124  9:29  Stalker x4  
  132  9:31  Stalker  
  132  9:32  Stalker x2  
  132  9:34  Protoss Ground Weapons Level 2 (Chrono Boost)  
  138  9:43  Probe x3  
  136  9:54  Robotics Bay  
  136  9:59  Zealot x3  
  140  10:02  Stalker x2  
  136  10:10  Stalker  
  136  10:11  Stalker  
  136  10:12  Probe x3  
  121  10:28  Stalker x5  
  121  10:31  Immortal  
  127  10:40  Adept x3  
  133  10:42  Pylon  
  133  10:55  Stalker  
  133  10:56  Stalker x4  
  129  11:03  Adept  
  129  11:04  Adept x2  
  83  11:20  Stalker x5  
  72  11:35  Zealot  
  72  11:36  Zealot x2  
  72  11:43  Probe x3  
  72  11:47  Zealot x5  
  64  11:51  Disruptor (Chrono Boost)  
  72  11:59  Zealot x3  
  78  12:09  Shield Battery  
  78  12:10  Sentry x2  
  78  12:11  Sentry x2, Shield Battery  
  78  12:13  Probe x2  
  78  12:14  Probe  
  89  12:16  Stalker  
  89  12:21  Zealot x2  
  95  12:24  Disruptor (Chrono Boost)  
  95  12:25  Observer  
  99  12:32  Probe x2  
  99  12:33  Probe  
  102  12:39  Protoss Ground Weapons Level 3 (Chrono Boost)  
  98  12:44  Disruptor (Chrono Boost)  
  98  12:57  High Templar x3  
  108  12:59  High Templar  
  108  13:01  Archon  
  108  13:02  Archon  
  109  13:26  Disruptor (Chrono Boost)  
  113  13:28  Stalker  
  113  13:43  Nexus, High Templar  
  113  13:44  High Templar, Pylon  
  113  13:48  High Templar, Archon  
  117  13:49  High Templar  
  117  13:50  Zealot x3  
  117  13:53  Archon  
  127  13:57  Shield Battery  
  127  14:01  Probe x3  
  130  14:05  Shield Battery  
  130  14:07  Observer, Photon Cannon  
  130  14:18  Probe x3  
  130  14:21  Zealot x4  
  139  14:45  Zealot  
  122  14:55  Zealot x5  
Tags
 
Add a new tag
Caveats
  • Supply blocks, unpowered buildings, or Contaminate may cause inaccurate times.
  • Supply counts are checked every 10 seconds.